 Dungeon Crawl Stone Soup version 0.24-a0-630-g0d56a85 (webtiles) character file.

Game seed: 10388095573334540430, levelgen mode: deterministic

13684 Charmandara the Devastator (level 12, -1/59 HPs)
             Began as a Tengu Venom Mage on Sept 19, 2019.
             Was an Initiate of Gozag.
             Slain by a blink frog (18 damage)
             ... on level 2 of the Lair of Beasts.
             The game lasted 00:38:28 (13267 turns).

Charmandara the Devastator (Tengu Venom Mage)      Turns: 13267, Time: 00:38:29

Health: -1/59      AC:  2    Str: 10    XL:     12   Next: 8%
Magic:  24/34      EV: 15    Int: 28    God:    Gozag
Gold:   891        SH:  0    Dex: 18    Spells: 9/28 levels left

rFire    . . .     SeeInvis .   b - +3 short sword (venom)
rCold    + . .     Gourm    .   (no shield)
rNeg     . . .     Faith    .   p - +0 robe
rPois    .         Spirit   .   (helmet restricted)
rElec    +         Reflect  .   (no cloak)
rCorr    .         Harm     .   (no gloves)
MR       .....                  (boots unavailable)
Stlth    +++.......             E - amulet of regeneration {+regen, !d}
HPRegen  0.59/turn              u - ring of magical power {MP+9}
MPRegen  0.24/turn              C - ring "Liylavom" {rElec rC+ Int+6 Stlth+}

@: radiating poison, flying quickly and evasively, quick
A: beak, talons 3, agile 2, clever 1, evolution 1, able to fly
a: Stop Flying, Potion Petition, Call Merchant, Bribe Branch, Renounce Religion


You were on level 2 of the Lair of Beasts.
You worshipped Gozag.
Gozag was pleased with you.
You were very full.

You visited 2 branches of the dungeon, and saw 13 of its levels.
You also visited: Sewer.

You collected 2095 gold pieces.
You spent 1125 gold pieces at shops.
You donated 20 gold pieces to Zin.
You paid 59 gold pieces to Gozag.

Inventory:

Hand Weapons
 a - a +1 flail of draining
   (You took it off an orc on level 2 of the Dungeon)
 b - a +3 short sword of venom (weapon)
   (You took it off a kobold on level 3 of the Dungeon)
Armour
 p - a +0 robe (worn)
 B - the cursed +0 ring mail of the Nine Wars {rF+ Dex+4}
   (You found it on level 7 of the Dungeon)

   It affects your dexterity (+4).
   It protects you from fire.
   It has a curse placed upon it.
Jewellery
 g - an uncursed ring of positive energy {rN+}
   (You found it on level 5 of the Dungeon)
 q - an uncursed ring of see invisible {sInv, !d}
   (You found it on level 5 of the Dungeon)
 u - a ring of magical power (left hand) {MP+9}
   (You bought it in a shop on level 6 of the Dungeon)
 y - an uncursed ring of wizardry {Wiz+, !d}
   (You found it on level 7 of the Dungeon)
 C - the ring "Liylavom" (right hand) {rElec rC+ Int+6 Stlth+}
   (You bought it in a shop on level 6 of the Dungeon)

   [ring of intelligence]

   It affects your intelligence (+6).
   It protects you from cold.
   It insulates you from electricity.
   It makes you more stealthy.
 E - an amulet of regeneration (around neck) {+regen, !d}
   (You found it on level 10 of the Dungeon)
Wands
 z - a wand of acid (3)
   (You found it on level 7 of the Dungeon)
 A - a wand of polymorph (7)
   (You found it on level 7 of the Dungeon)
Scrolls
 h - 2 scrolls of fear
 i - a scroll of amnesia
 j - 3 scrolls of remove curse
 k - 5 scrolls of teleportation
 s - 2 scrolls of immolation {!r}
 v - 3 scrolls of blinking {!r}
 w - 2 scrolls of magic mapping {!r}
 x - 2 scrolls of identify
Potions
 d - 3 potions of berserk rage {!q}
 e - a potion of agility
 f - a potion of brilliance
 l - 2 potions of haste
 m - a potion of curing
 o - a potion of invisibility
 r - a potion of mutation {!q}
 t - 2 potions of magic
 D - 2 potions of lignification {!q}
Comestibles
 c - 6 rations


   Skills:
 - Level 2.1 Dodging
 - Level 2.0 Stealth
 + Level 8.7 Spellcasting
 + Level 17.5 Conjurations
 - Level 3.0 Air Magic
 + Level 8.8 Poison Magic


You had 9 spell levels left.
You knew the following spells:

 Your Spells              Type           Power        Failure   Level  Hunger
a - Sting                 Conj/Pois      ####         1%          1    None
b - Poisonous Vapours     Pois/Air       #####.       1%          2    None
c - Olgreb's Toxic Radia  Pois           ######..     1%          4    #......
d - Venom Bolt            Conj/Pois      ######....   1%          5    ####...
e - Iskenderun's Mystic   Conj           #######.     1%          4    #......
x - Mephitic Cloud        Conj/Pois/Air  ######..     1%          3    None

Your spell library contained the following spells:

 Spells                   Type           Power        Failure   Level  Hunger
 Magic Dart               Conj           ####         0%          1    None
 Searing Ray              Conj           ######       0%          2    None
 Dazzling Spray           Conj/Hex       ######       1%          3    None
 Force Lance              Conj/Tloc      ######..     1%          4    #......
 Fulminant Prism          Conj/Hex       ######....   1%          4    #......
 Spider Form              Tmut/Pois      #####.....   2%          3    None
 Beastly Appendage        Tmut           ##....       4%          1    None
 Infusion                 Chrm           ##..         4%          1    None
 Shroud of Golubria       Chrm/Tloc      ##....       7%          2    None
 Song of Slaying          Chrm           ##......     7%          2    None
 Sticks to Snakes         Tmut           ##......     7%          2    None
 Regeneration             Chrm/Necr      ##........   14%         3    None
 Spectral Weapon          Hex/Chrm       ##......     14%         3    None
 Ice Form                 Ice/Tmut       ##......     41%         4    #......
 Blade Hands              Tmut           ##........   77%         5    ####...
 Malign Gateway           Summ/Tloc      ##........   100%        7    #######
 Monstrous Menagerie      Summ           ##........   100%        7    #######
 Summon Greater Demon     Summ           ##........   100%        7    #######
 Summon Horrible Things   Summ           ##........   100%        8    #######


Dungeon Overview and Level Annotations

Branches:
Dungeon (11/15)            Temple (0/1) D:7            Lair (2/6) D:8
  Snake (0/4) Lair:2        Sewer (visited)
  Swamp: Lair:2-4    Shoals: Lair:2-4       Orc: D:9-12

Altars:
Ashenzari
Dithmenos
Elyvilon
Gozag
Hepliaklqana
Kikubaaqudgha
Qazlal
Ru
Trog
Vehumet
Xom
Yredelemnul
Zin
The Shining One

Shops:
D:6 =   D:9 (   D:10 %!%!!

Annotations:
D:10 3 runed translucent doors, Gastronok; swinepaste's ghost, journeyman DgTm


Innate Abilities, Weirdness & Mutations

You have a beak for a mouth.
You have claws for feet.
You can fly continuously.
You are very agile. (Dex +4)
Your mind is acute. (Int +2)
You evolve.


Message History

There are monsters nearby!
Aim: a naga, wielding a +0 short sword and wearing a +0 robe The orb of energy hits the naga!
The orb of energy explodes!
The mystic blast hits the naga!
You feel sick.
You take 1 damage, and have 55/59 hp.
You now have 4/34 mp.
Unknown command.
Aim: a naga, wielding a +0 short sword and wearing a +0 robe (heavily wounded)
The orb of energy hits the naga!
The naga spits poison at you. The splash of poison misses you.
Unknown command.
You now have 0/34 mp.
Aim: a naga, wielding a +0 short sword and wearing a +0 robe (almost dead, catching its breath)
The bolt of acid hits the naga!
The naga is splashed with acid!
You kill the naga!
You feel sick.
You take 1 damage, and have 56/59 hp.
The naga misses you. The naga closely misses you.
You hit the naga but do no damage.
You feel sick.
The naga becomes distracted by the nearby gold, dreaming of imaginary riches.
The naga shouts!
You hit the naga but do no damage.
The naga is no longer distracted by gold.
You claw the naga. You puncture the naga!
The naga is poisoned.
The naga spits poison at you. The splash of poison misses you.
You hit the naga.
You kill the naga!
Health restored: 59 You feel sick.
You now have 840 gold pieces (gained 20).
Things that are here:
a +0 dire flail; a +0 robe You now have 859 gold pieces (gained 19).
Things that are here:
a +0 short sword; a +0 robe You feel sick.
You now have 873 gold pieces (gained 14).
You see here a +0 trident.
You take 1 damage, and have 58/59 hp.
You now have 891 gold pieces (gained 18).
You see here a +0 scimitar.
Health restored: 59 You feel sick.
You are no longer poisoned.
Things that are here:
a +0 short sword; a +0 robe You take 1 damage, and have 58/59 hp.
Things that are here:
a +0 dire flail; a +0 robe
Things that are here:
a +0 short sword; a +0 robe; Health restored: 59 There isn't anything to butcher here.
You see here a +0 scimitar.
There isn't anything to butcher here.
You start resting.
k - 5 scrolls of teleportation (gained 1)
A blink frog comes into view.
MP restored: 34 A blink frog is nearby!
Aim: a blink frog (resting)
The orb of energy hits the blink frog!
You hear a loud, deep croak!
A blink frog comes into view. x2
The blink frog moves out of view.
You hear a loud, deep croak!
You now have 30/34 mp.
Aim: a blink frog (heavily wounded)
The orb of energy hits the blink frog!
You now have 26/34 mp.
The blink frog blinks!
A blink frog comes into view.
The blink frog croaks.
The blink frog blinks!
The blink frog closely misses you.
Okay, then.
The blink frog croaks.
You hit the plant but do no damage. You claw the plant.
You peck the plant, but do no damage.
The blink frog blinks!
The blink frog barely misses you. x2
Unknown command.
The blink frog hits you!
You take 16 damage, and have 43/59 hp.
MASSIVE DAMAGE!!
The blink frog hits you!
You take 11 damage, and have 32/59 hp.
Unknown command.
Okay, then.
You begin to radiate toxic energy.
The blink frog is poisoned. x3
The blink frog blinks!
The blink frog hits you.
The blink frog blinks!
Unknown command.
Unknown command.
You take 1 damage, and have 31/59 hp.
You now have 23/34 mp.
Unknown command.
You miss the blink frog. Your kick misses the blink frog.
The blink frog looks even sicker.
The blink frog hits you!
* * * LOW HITPOINT WARNING * * *
The blink frog hits you!!
You die...
Your body crumbles into a pile of gold.

..##..# #.....# #.....
#.... #...# #...# ###.
## ###..##..... ##.##
##..ยง@.F....# #...#
##PP..FF.....#
##...###............#
##......F.....#......#
###...............#....#
#...............###.##.#
#...###.#.#.##..# P #
......#.######..P# .#
......#.## #....#


You could see 4 blink frogs.

Vanquished Creatures
  Fannar (D:10)
  A hydra (Lair:1)
  A queen ant (D:8)
  2 two-headed ogres
  An unseen horror (D:10)
  Pikel (D:8)
  3 spiny frogs
  2 komodo dragons
  2 trolls
  3 hippogriffs
  Prince Ribbit (D:8)
  Sigmund (D:6)
  A human (D:7)
  3 yaks (Lair:2)
  4 hogs (D:7)
  Edmund (D:6)
  4 nagas (Lair:2)
  5 soldier ants (D:8)
  An orc warrior (D:8)
  2 porcupines
  A slave (D:8)
  2 black bears (D:8)
  2 necrophages
  A phantom (D:5)
  2 ogres
  5 centaurs
  2 crocodiles (D:8)
  A big kobold (D:6)
  8 bullfrogs
  2 wyvern skeletons
  2 scorpions
  11 killer bees
  A howler monkey (D:4)
  3 crimson imps
  A bullfrog zombie (D:9)
  A centaur zombie (D:9)
  A jelly (D:10)
  2 bullfrog skeletons
  7 hounds
  An orc priest (D:4)
  5 centaur skeletons
  4 iguanas
  4 orc wizards
  22 worker ants
  A hound zombie (D:9)
  A hound skeleton (D:8)
  4 gnolls (D:7)
  8 adders
  2 river rats (Sewer)
  5 worms
  A dart slug (D:2)
  8 leopard geckos
  17 orcs
  9 giant cockroaches
  6 goblins
  5 hobgoblins
  4 jackals
  15 kobolds
  8 quokkas
  4 ball pythons (Sewer)
  10 bats
  9 frilled lizards
  A leopard gecko zombie (D:5)
  A quokka skeleton (D:4)
  A quokka zombie (D:8)
  10 rats
  A plant (D:8)
262 creatures vanquished.

Vanquished Creatures (others)
  3 slaves (D:8)
  A bullfrog (D:8)
  A crimson imp (D:8)
  2 orcs
  A jackal (D:3)
  13 fungi (D:8)
  4 plants (D:8)
25 creatures vanquished.

Grand Total: 287 creatures vanquished

Notes
Turn   | Place    | Note
-------+----------+-------------------------------------------
     0 | D:1      | Charmandara the Tengu Venom Mage began the quest for the
                  | Orb.
     0 | D:1      | Reached XP level 1. HP: 10/10 MP: 4/4
   159 | D:1      | Reached XP level 2. HP: 10/15 MP: 0/6
   417 | D:1      | Learned a level 2 spell: Poisonous Vapours
   516 | D:1      | Reached skill level 2 in Conjurations
   713 | D:2      | Reached XP level 3. HP: 16/19 MP: 3/7
   779 | D:2      | Gained mutation: Your body sometimes deteriorates upon
                  | taking damage. [potion of mutation]
   779 | D:2      | Gained mutation: You have a pair of small antennae on your
                  | head. [potion of mutation]
   780 | D:2      | Lost mutation: Your body sometimes deteriorates upon taking
                  | damage. [potion of mutation]
   780 | D:2      | Lost mutation: You have a pair of small antennae on your
                  | head. [potion of mutation]
   780 | D:2      | Gained mutation: You are agile. (Dex +2) [potion of
                  | mutation]
   780 | D:2      | Gained mutation: You are frail. (-10% HP) [potion of
                  | mutation]
   780 | D:2      | Gained mutation: You evolve. [potion of mutation]
  1078 | D:2      | Reached skill level 1 in Air Magic
  1208 | D:2      | Reached XP level 4. HP: 11/21 MP: 0/8
  1253 | D:1      | Learned a level 3 spell: Mephitic Cloud
  1624 | D:3      | Found a hazy altar of Hepliaklqana.
  1641 | D:3      | Reached skill level 4 in Poison Magic
  1758 | D:3      | Reached skill level 3 in Spellcasting
  1758 | D:3      | Gained mutation: You can fly continuously. [Tengu growth]
  1758 | D:3      | Reached XP level 5. HP: 10/25 MP: 10/10
  1942 | D:3      | Learned a level 4 spell: Olgreb's Toxic Radiance
  1999 | D:3      | Reached skill level 3 in Conjurations
  2111 | D:3      | Gained mutation: Your mind is acute. (Int +2) [evolution]
  2394 | D:3      | Found a faded altar of an unknown god.
  2432 | D:3      | Became a worshipper of Zin the Law-Giver
  2432 | D:3      | Reached * piety under Zin
  2432 | D:3      | Reached ** piety under Zin
  2464 | D:4      | Was placed under penance by Zin
  2464 | D:4      | Reached skill level 2 in Air Magic
  2469 | D:4      | Was forgiven by Zin
  2681 | D:4      | Reached XP level 6. HP: 25/28 MP: 9/12
  2701 | D:4      | HP: 4/28 [worker ant (7)]
  2710 | D:4      | HP: 1/28 [orc/iceblast (16)]
  2782 | D:4      | HP: 3/28 [orc priest/nerve-wracking pain (12)]
  3379 | D:4      | Found a shimmering altar of Xom.
  3381 | D:4      | Found a white marble altar of Elyvilon.
  3385 | D:4      | Found an opulent altar of Gozag.
  3396 | D:4      | Fell from the grace of Zin
  3396 | D:4      | Became a worshipper of Gozag Ym Sagoz the Greedy
  3559 | D:5      | Entered Level 5 of the Dungeon
  3629 | D:5      | Reached skill level 3 in Air Magic
  3629 | D:5      | Reached skill level 5 in Poison Magic
  3639 | D:5      | Reached skill level 4 in Spellcasting
  3639 | D:5      | Reached skill level 4 in Conjurations
  3639 | D:5      | Reached XP level 7. HP: 24/32 MP: 5/14
  4432 | D:6      | HP: 3/32 [centaur/arrow (6)]
  4449 | D:6      | Reached skill level 5 in Conjurations
  4482 | D:6      | Found a glowing drain.
  4483 | D:6      | Reached skill level 6 in Poison Magic
  4571 | Sewer    | Entered a sewer
  4931 | Sewer    | Reached skill level 5 in Spellcasting
  4947 | Sewer    | Learned a level 5 spell: Venom Bolt
  4958 | Sewer    | Reached XP level 8. HP: 35/36 MP: 13/16
  5193 | D:6      | Found a basalt altar of Yredelemnul.
  5336 | D:6      | Noticed Edmund
  5350 | D:6      | Killed Edmund
  5456 | D:6      | Found Katiock's Jewellery Emporium.
  5463 | D:6      | Bought an uncursed ring of magical power for 220 gold
                  | pieces
  5512 | D:6      | Noticed Sigmund
  5520 | D:6      | Noticed a troll
  5523 | D:6      | Killed Sigmund
  5523 | D:6      | Reached skill level 6 in Conjurations
  5552 | D:6      | Killed a troll
  5552 | D:6      | Reached skill level 7 in Poison Magic
  5576 | D:6      | Gained mutation: You are very agile. (Dex +4) [evolution]
  5802 | D:6      | Found a glowing golden altar of the Shining One.
  5811 | D:6      | Reached skill level 6 in Spellcasting
  5811 | D:6      | Reached skill level 7 in Conjurations
  5970 | D:6      | Learned a level 4 spell: Iskenderun's Mystic Blast
  6119 | D:6      | Found a bloodstained altar of Trog.
  6492 | D:6      | Found an ancient bone altar of Kikubaaqudgha.
  6499 | D:6      | Reached XP level 9. HP: 40/40 MP: 4/19
  6865 | D:7      | Noticed a two-headed ogre
  6888 | D:7      | Killed a two-headed ogre
  6888 | D:7      | Reached skill level 8 in Conjurations
  6888 | D:7      | Reached skill level 8 in Poison Magic
  7126 | D:7      | Found a staircase to the Ecumenical Temple.
  7159 | D:7      | Reached skill level 7 in Spellcasting
  7202 | D:7      | Reached skill level 9 in Conjurations
  7385 | D:7      | Got a heavily runed ring mail
  7386 | D:7      | Identified the cursed +0 ring mail of the Nine Wars {rF+
                  | Dex+4} (You found it on level 7 of the Dungeon)
  7486 | D:7      | Found a radiant altar of Vehumet.
  7526 | D:7      | Found a glowing silver altar of Zin.
  7757 | D:8      | Noticed a queen ant
  7759 | D:8      | Reached skill level 10 in Conjurations
  7759 | D:8      | Reached XP level 10. HP: 45/45 MP: 22/22
  7760 | D:8      | Reached skill level 8 in Spellcasting
  7765 | D:8      | Reached skill level 11 in Conjurations
  7769 | D:8      | Killed a queen ant
  7769 | D:8      | Reached skill level 12 in Conjurations
  7961 | D:8      | Noticed Pikel
  7964 | D:8      | Lost mutation: You are frail. (-10% HP) [evolution]
  7965 | D:8      | Killed Pikel
  7965 | D:8      | Reached skill level 13 in Conjurations
  8069 | D:8      | HP: 10/50 [killer bee (8)]
  8093 | D:8      | Noticed Prince Ribbit
  8095 | D:8      | HP: 4/50 [Prince Ribbit (10)]
  8100 | D:8      | Killed Prince Ribbit
  8100 | D:8      | Reached skill level 14 in Conjurations
  8311 | D:8      | Found a staircase to the Lair.
  8342 | D:8      | Reached XP level 11. HP: 20/54 MP: 16/24
  8772 | D:6      | Bought the ring "Liylavom" {rElec rC+ Int+6 Stlth+} for 905
                  | gold pieces
  8925 | D:8      | HP: 11/54 [black bear (6)]
  8926 | D:8      | HP: 2/54 [black bear (10)]
  9257 | D:8      | Found a stormy altar of Qazlal.
  9569 | D:9      | Reached skill level 15 in Conjurations
  9886 | D:9      | Found Lopryas's Weapon Shop.
 10345 | D:9      | Found a sacrificial altar of Ru.
 10345 | D:9      | Found a shattered altar of Ashenzari.
 10562 | D:10     | Entered Level 10 of the Dungeon
 10562 | D:10     | Found Fur Jam's Food Shop.
 10564 | D:10     | Noticed an unseen horror
 10570 | D:10     | Killed an unseen horror
 10668 | D:10     | Noticed Gastronok
 10844 | D:10     | Found Jomeraf's Distillery.
 10847 | D:10     | Found Targh's Food Shop.
 10895 | D:10     | Found Vagec's Distillery.
 11249 | D:10     | Found a runed translucent gate.
 11249 | D:10     | Found a runed translucent gate.
 11249 | D:10     | Found a runed translucent gate.
 11252 | D:10     | Noticed swinepaste's ghost (journeyman DgTm)
 11273 | D:10     | Noticed Fannar
 11283 | D:10     | Killed Fannar
 11283 | D:10     | Reached skill level 16 in Conjurations
 11294 | D:10     | Found Noghon Name's Distillery.
 12062 | D:11     | Found a shadowy altar of Dithmenos.
 12064 | D:11     | Noticed a cyclops
 12152 | D:8      | Noticed a two-headed ogre
 12166 | D:8      | Killed a two-headed ogre
 12184 | Lair:1   | Entered Level 1 of the Lair of Beasts
 12307 | Lair:1   | Reached skill level 17 in Conjurations
 12633 | Lair:1   | Noticed a five-headed hydra
 12785 | Lair:1   | Killed a five-headed hydra
 13050 | Lair:2   | Reached XP level 12. HP: 56/59 MP: 21/25
 13091 | Lair:2   | Found a staircase to the Snake Pit.
 13267 | Lair:2   | Slain by a blink frog

Levels and vault maps discovered:
D:1:      ebering_trefoil_3fold, layout_rooms
D:2:      layout_rooms, first_ration
D:3:      layout_rooms, lemuel_crystal_altar, chequers_ecumenical_altar_grove
D:4:      layout_cave_pools, minmay_overflow_temple_star_quad
D:5:      layout_loops_corners, serial_glass, glass_columns_a, glass_columns_a,
          glass_columns_b, glass_columns_b, glass_columns_b, glass_columns_b,
          item_on_display_a, minmay_strange_pillars, item_on_display_a,
          corexii_leaking_fountain, hangedman_abyss_or_decor_lesser_grid
D:6:      layout_basic, yredelemnul_altar_generic,
          lemuel_coloured_pillars_altar, nicolae_overflow_crystal_walls,
          kennysheep_mini, serial_shops, shop, gup_sewer_entry_pipe,
          uniq_sigmund, uniq_edmund
D:7:      layout_loops_ring, kennysheep_little_box, kennysheep_mini_moat,
          minmay_temple_entry_offerings, grunt_decor_fettered, grunt_livestock
D:8:      layout_basic, grunt_qazlal_sundering, due_lair_maze_entry_diamond,
          minmay_another_anthill, uniq_prince_ribbit1, uniq_pikel
D:9:      layout_loops_ring, gammafunk_temple_overflow_elements, serial_shops,
          nicolae_shop_trees
D:10:     layout_roguey, serial_shops, shop, shop, nicolae_shop_stone, shop,
          shop, gammafunk_ghost_spectres, minmay_misc_feat_plants,
          kennysheep_small_square, uniq_gastronok, uniq_fannar
D:11:     minmay_the_grid_triangle_9x9_recursive_2_mashed
          [minmay_the_grid_triangle_9x9_prize_special,
          minmay_the_grid_triangle_9x9_empty,
          minmay_the_grid_triangle_9x9_zippers_horizontal,
          minmay_the_grid_triangle_9x9_tough_junction], layout_long_grid,
          david_orc_3, nicolae_dithmenos_through_a_glass_darkly, uniq_nergalle
Lair:1:   layout_big_grid, grunt_megastairs_1
Lair:2:   layout_misc_corridors, minmay_snake_entry_guardpost_small

Skill      XL: |  1  2  3  4  5  6  7  8  9 10 11 |
---------------+----------------------------------+-----
Conjurations   | 2 3 4 5 7 10 14 17 | 17.5
Air Magic      | 1 2 3 |  3.0
Poison Magic   | 4 5 6 7 8 |  8.8
Spellcasting   | 3 4 5 6 7 8 |  8.7
Dodging        | |  2.1
Stealth        | |  2.0

Action                   |  1- 3 |  4- 6 |  7- 9 | 10-12 || total
-------------------------+-------+-------+-------+-------++-------
Melee: Unarmed           |     3 |       |       |       ||     3
       Peck              |    11 |    10 |    14 |    35 ||    70
       Short sword       |    29 |    41 |    99 |   156 ||   325
       Kick              |     3 |    22 |    33 |    40 ||    98
       Flail             |       |    38 |       |       ||    38
 Cast: Sting             |    61 |    37 |    41 |    10 ||   149
       Poisonous Vapours |     4 |    16 |    47 |    22 ||    89
       Mephitic Cloud    |       |     4 |     7 |     1 ||    12
       Olgreb's Toxic Ra |       |     1 |     4 |     7 ||    12
       Iskenderun's Myst |       |       |     6 |    38 ||    44
       Venom Bolt        |       |       |     1 |    37 ||    38
 Abil: Fly               |       |     1 |       |       ||     1
Evoke: Wand              |       |       |     8 |     2 ||    10
  Use: Scroll            |     3 |    10 |     8 |     2 ||    23
       Potion            |     2 |     7 |     2 |     3 ||    14
 Stab: Sleeping          |     1 |       |     4 |     4 ||     9
       Confused          |       |     2 |       |       ||     2
       Distracted        |       |       |     1 |     1 ||     2
  Eat: Chunk             |     2 |     7 |       |       ||     9
       Ration            |       |     1 |     4 |     9 ||    14
Armor: Robe              |    10 |    12 |    10 |     9 ||    41
Dodge: Dodged            |    39 |    88 |    77 |   137 ||   341

Table legend:
 A = Non-vault XP
 B = Vault XP
 C = Vault XP percentage of total XP
 D = Non-vault monster count
 E = Vault monster count
 F = Vault count percentage of total count
                 A         B        C        D         E       F
            +---------+---------+-------+---------+---------+-------
      Total |   12236 |    7313 |  37.4 |     191 |      70 |  26.8
            +---------+---------+-------+---------+---------+-------
        D:1 |      22 |       0 |   0.0 |      13 |       0 |   0.0
        D:2 |      71 |       0 |   0.0 |      22 |       0 |   0.0
        D:3 |     123 |       0 |   0.0 |      32 |       0 |   0.0
        D:4 |     294 |       0 |   0.0 |      19 |       0 |   0.0
        D:5 |     430 |       0 |   0.0 |       8 |       0 |   0.0
        D:6 |     998 |     427 |  30.0 |      18 |      10 |  35.7
        D:7 |    1206 |     811 |  40.2 |      11 |       5 |  31.2
        D:8 |    2349 |    3827 |  62.0 |      26 |      30 |  53.6
        D:9 |    1021 |       0 |   0.0 |      17 |       0 |   0.0
       D:10 |    1909 |    1063 |  35.8 |      14 |       2 |  12.5
     Lair:1 |    2446 |     491 |  16.7 |       6 |       2 |  25.0
     Lair:2 |    1367 |     627 |  31.4 |       5 |       4 |  44.4
      Sewer |       0 |      67 | 100.0 |       0 |      17 | 100.0
            +---------+---------+-------+---------+---------+-------

Levels and vault maps discovered:
D:1:      ebering_trefoil_3fold, layout_rooms
D:2:      layout_rooms, first_ration
D:3:      layout_rooms, lemuel_crystal_altar, chequers_ecumenical_altar_grove
D:4:      layout_cave_pools, minmay_overflow_temple_star_quad
D:5:      layout_loops_corners, serial_glass, glass_columns_a, glass_columns_a,
          glass_columns_b, glass_columns_b, glass_columns_b, glass_columns_b,
          item_on_display_a, minmay_strange_pillars, item_on_display_a,
          corexii_leaking_fountain, hangedman_abyss_or_decor_lesser_grid
D:6:      layout_basic, yredelemnul_altar_generic,
          lemuel_coloured_pillars_altar, nicolae_overflow_crystal_walls,
          kennysheep_mini, serial_shops, shop, gup_sewer_entry_pipe,
          uniq_sigmund, uniq_edmund
D:7:      layout_loops_ring, kennysheep_little_box, kennysheep_mini_moat,
          minmay_temple_entry_offerings, grunt_decor_fettered, grunt_livestock
D:8:      layout_basic, grunt_qazlal_sundering, due_lair_maze_entry_diamond,
          minmay_another_anthill, uniq_prince_ribbit1, uniq_pikel
D:9:      layout_loops_ring, gammafunk_temple_overflow_elements, serial_shops,
          nicolae_shop_trees
D:10:     layout_roguey, serial_shops, shop, shop, nicolae_shop_stone, shop,
          shop, gammafunk_ghost_spectres, minmay_misc_feat_plants,
          kennysheep_small_square, uniq_gastronok, uniq_fannar
D:11:     minmay_the_grid_triangle_9x9_recursive_2_mashed
          [minmay_the_grid_triangle_9x9_prize_special,
          minmay_the_grid_triangle_9x9_empty,
          minmay_the_grid_triangle_9x9_zippers_horizontal,
          minmay_the_grid_triangle_9x9_tough_junction], layout_long_grid,
          david_orc_3, nicolae_dithmenos_through_a_glass_darkly, uniq_nergalle
Lair:1:   layout_big_grid, grunt_megastairs_1
Lair:2:   layout_misc_corridors, minmay_snake_entry_guardpost_small

Table legend:
 A = Turns spent in this place as a percentage of turns spent in the entire game.
 B = Non-inter-level travel turns spent in this place as a percentage of non-inter-level travel turns spent in the entire game.
 C = Inter-level travel turns spent in this place as a percentage of turns spent in this place.
 D = Turns resting spent in this place as a percentage of non-inter-level travel turns spent in this place.
 E = Turns spent auto-exploring this place as a percentage of non-inter-level travel turns spent in this place.
 F = Non-inter-level travel turns spent in this place divided by the number of levels of this place that you've seen.
                   A       B       C       D       E      F
               +-------+-------+-------+-------+-------+----------------------
         Total | 100.0 | 100.0 |   4.2 |  36.4 |  42.9 | 907.6
       Dungeon |  87.5 |  87.4 |   4.3 |  37.1 |  42.4 | 1010.0
          Lair |   8.2 |   8.1 |   5.4 |  27.3 |  54.6 | 512.0
         Sewer |   4.3 |   4.5 |   0.0 |  38.4 |  30.9 | 573.0
               +-------+-------+-------+-------+-------+----------------------

Table legend:
 A = Kills in this place as a percentage of kills in entire the game.
 B = Kills by you in this place as a percentage of kills by you in the entire game.
 C = Kills by friends in this place as a percentage of kills by friends in the entire game.
 D = Other kills in this place as a percentage of other kills in the entire game.
 E = Experience gained in this place as a percentage of experience gained in the entire game.
 F = Experience gained in this place divided by the number of levels of this place that you have seen.
                   A       B       C       D       E      F
               +-------+-------+-------+-------+-------+----------------------
         Total | 100.0 | 100.0 |   N/A | 100.0 | 100.0 | 1396.4
       Dungeon |  87.0 |  86.8 |   N/A | 100.0 |  74.4 | 1322.8
          Lair |   6.5 |   6.6 |   N/A |   0.0 |  25.2 | 2465.5
         Sewer |   6.5 |   6.6 |   N/A |   0.0 |   0.3 |  67.0
               +-------+-------+-------+-------+-------+----------------------
